2459 views
Uploaded 2022-05-18 22:53:48
Game version 1.32.10
30:38 long 3on3 ladder game on (8)Battleground_LV
Saved by Cabeelibob
2459 views
Uploaded 2022-05-18 22:53:48
Game version 1.32.10
30:38 long 3on3 ladder game on (8)Battleground_LV


115 units @ 10.5k
/ 1.1k
149 buildings @ 11.1k
/ 5.3k

| Healing Salve | 1 | 100 |
| Orb of Lightning | 1 | 375 |
| Tiny Great Hall | 2 | 1200 |
| Potion of Mana | 1 | 200 |
| Lesser Clarity Potion | 1 | 70 |
| Boots of Speed | 1 | 250 |
| Staff of Teleportation | 1 | 150 |
| total: | 8 | 2345g |
| Peon | 36 | 2700 | / | 0 |
| Kodo Beast | 1 | 255 | / | 60 |
| Troll Witch Doctor | 3 | 435 | / | 75 |
| total: | 40 | 3390g | / | 135w |
| Altar of Storms | 2 | 360 | / | 100 |
| Orc Burrow | 4 | 640 | / | 160 |
| War Mill | 1 | 205 | / | 0 |
| Voodoo Lounge | 1 | 130 | / | 30 |
| Great Hall | 2 | 770 | / | 370 |
| Spirit Lodge | 1 | 150 | / | 150 |
| Beastiary | 1 | 145 | / | 140 |
| Stronghold | 1 | 315 | / | 190 |
| Fortress | 1 | 325 | / | 190 |
| total: | 12 | 2400g | / | 950w |
| 0:03 | Peon |
| 0:03 | Peon |
| 0:07 | Altar of Storms |
| 0:12 | Orc Burrow |
| 0:14 | Peon |
| 0:22 | Peon |
| 0:49 | Peon |
| 1:10 | Peon |
| 1:29 | War Mill |
| 1:32 | Peon |
| 1:32 | Peon |
| 1:42 | Peon |
| 1:53 | Peon |
| 1:55 | Peon |
| 2:04 | Orc Burrow |
| 2:13 | Peon |
| 2:13 | Peon |
| 2:29 | Wind Walk |
| 2:43 | Voodoo Lounge |
| 3:06 | Great Hall |
| 3:21 | Peon |
| 4:21 | Altar of Storms |
| 4:24 | Orc Burrow |
| 4:29 | Critical Strike |
| 4:34 | Bash |
| 4:35 | Bash |
| 4:48 | Healing Salve |
| 5:44 | Stronghold |
| 8:10 | Fortress |
| 8:13 | Spirit Lodge |
| 8:17 | Beastiary |
| 8:24 | Orc Burrow |
| 8:55 | Boots of Speed |
| 8:55 | Staff of Teleportation |
| 9:24 | Wind Walk |
| 10:11 | Witch Doctor Adept Training |
| 10:15 | Kodo Beast |
| 10:53 | Orb of Lightning |
| 11:50 | Reinforced Defenses |
| 11:51 | Spiked Barricades |
| 13:09 | Critical Strike |
| 13:25 | Peon |
| 13:25 | Peon |
| 13:25 | Peon |
| 13:37 | Witch Doctor Master Training |
| 13:37 | Troll Witch Doctor |
| 13:37 | Troll Witch Doctor |
| 13:37 | Troll Witch Doctor |
| 13:40 | War Drums Damage Increase |
| 15:13 | Peon |
| 15:13 | Peon |
| 15:13 | Peon |
| 15:13 | Peon |
| 17:03 | Tiny Great Hall |
| 19:30 | Peon |
| 19:30 | Peon |
| 19:30 | Peon |
| 19:31 | Peon |
| 19:31 | Peon |
| 20:22 | Critical Strike |
| 20:33 | Tiny Great Hall |
| 21:29 | Peon |
| 21:29 | Peon |
| 21:29 | Peon |
| 21:29 | Peon |
| 21:29 | Peon |
| 21:37 | Peon |
| 21:37 | Peon |
| 21:37 | Peon |
| 21:38 | Peon |
| 26:01 | Bladestorm |
| 26:10 | Great Hall |
| 26:40 | Peon |
| 28:08 | Wind Walk |
| 29:37 | Potion of Mana |
| 29:41 | Lesser Clarity Potion |
| Right click | 1743 |
| Select | 218 |
| Build/train/purchase | 143 |
| Select group | 44 |
| Resource trade | 42 |
| Use ability | 27 |
| Minimap ping | 15 |
| Assign group | 4 |
| Item give/drop | 4 |
| Misc. action | 3 |
DudeWhy
(236)
(30:33) : 

| Healing Salve | 2 | 200 |
| total: | 2 | 200g |
| Peasant | 31 | 2325 | / | 0 |
| Mortar Team | 3 | 540 | / | 210 |
| Dragonhawk Rider | 5 | 1000 | / | 150 |
| total: | 39 | 3865g | / | 360w |
| Scout Tower | 76 | 2280 | / | 1520 |
| Arcane Tower | 4 | 280 | / | 200 |
| Guard Tower | 25 | 1750 | / | 1250 |
| Altar of Kings | 1 | 180 | / | 50 |
| Farm | 7 | 560 | / | 140 |
| Lumber Mill | 2 | 240 | / | 0 |
| Town Hall | 5 | 1925 | / | 1025 |
| Blacksmith | 1 | 140 | / | 60 |
| Arcane Vault | 3 | 390 | / | 90 |
| Workshop | 1 | 140 | / | 140 |
| Gryphon Aviary | 1 | 140 | / | 150 |
| Keep | 1 | 320 | / | 210 |
| Castle | 1 | 360 | / | 210 |
| total: | 97 | 5995g | / | 3175w |
| 0:02 | Peasant |
| 0:09 | Peasant |
| 0:19 | Altar of Kings |
| 0:20 | Peasant |
| 0:26 | Peasant |
| 0:33 | Farm |
| 0:34 | Peasant |
| 0:45 | Peasant |
| 0:56 | Lumber Mill |
| 0:59 | Peasant |
| 1:09 | Farm |
| 1:11 | Peasant |
| 1:22 | Peasant |
| 1:31 | Scout Tower |
| 1:33 | Peasant |
| 1:36 | Farm |
| 1:46 | Peasant |
| 1:56 | Arcane Tower |
| 2:01 | Improved Lumber Harvesting |
| 2:03 | Peasant |
| 2:20 | Peasant |
| 2:33 | Storm Bolt |
| 2:52 | Peasant |
| 3:05 | Scout Tower |
| 3:06 | Scout Tower |
| 3:07 | Scout Tower |
| 3:08 | Peasant |
| 3:09 | Improved Masonry |
| 3:17 | Town Hall |
| 3:21 | Scout Tower |
| 3:30 | Peasant |
| 3:38 | Scout Tower |
| 3:38 | Scout Tower |
| 4:14 | Guard Tower |
| 4:19 | Guard Tower |
| 4:20 | Scout Tower |
| 4:31 | Guard Tower |
| 4:41 | Peasant |
| 4:41 | Peasant |
| 4:45 | Healing Salve |
| 4:50 | Guard Tower |
| 4:53 | Scout Tower |
| 4:53 | Scout Tower |
| 5:06 | Guard Tower |
| 5:17 | Keep |
| 5:22 | Peasant |
| 5:22 | Peasant |
| 5:25 | Peasant |
| 5:30 | Scout Tower |
| 5:31 | Scout Tower |
| 5:34 | Scout Tower |
| 5:35 | Scout Tower |
| 5:35 | Scout Tower |
| 5:36 | Scout Tower |
| 5:38 | Guard Tower |
| 5:49 | Guard Tower |
| 6:03 | Guard Tower |
| 6:04 | Guard Tower |
| 6:35 | Scout Tower |
| 6:40 | Scout Tower |
| 6:41 | Scout Tower |
| 6:46 | Scout Tower |
| 7:00 | Peasant |
| 7:00 | Peasant |
| 7:08 | Scout Tower |
| 7:10 | Guard Tower |
| 7:13 | Scout Tower |
| 7:15 | Scout Tower |
| 7:15 | Scout Tower |
| 7:19 | Scout Tower |
| 7:23 | Scout Tower |
| 7:35 | Scout Tower |
| 7:35 | Scout Tower |
| 7:36 | Scout Tower |
| 7:37 | Scout Tower |
| 7:39 | Advanced Lumber Harvesting |
| 7:39 | Advanced Masonry |
| 7:46 | Guard Tower |
| 7:49 | Guard Tower |
| 7:54 | Scout Tower |
| 7:55 | Scout Tower |
| 8:11 | Guard Tower |
| 8:12 | Guard Tower |
| 8:14 | Scout Tower |
| 8:14 | Scout Tower |
| 8:15 | Scout Tower |
| 8:15 | Scout Tower |
| 8:18 | Castle |
| 8:25 | Blacksmith |
| 8:39 | Holy Light |
| 8:52 | Guard Tower |
| 9:03 | Peasant |
| 9:03 | Peasant |
| 9:29 | Guard Tower |
| 9:32 | Peasant |
| 9:43 | Guard Tower |
| 9:54 | Holy Light |
| 9:55 | Healing Salve |
| 10:07 | Workshop |
| 10:09 | Arcane Vault |
| 10:14 | Gryphon Aviary |
| 10:25 | Black Gunpowder |
| 10:39 | Scout Tower |
| 10:39 | Scout Tower |
| 10:40 | Scout Tower |
| 10:40 | Scout Tower |
| 10:42 | Scout Tower |
| 11:42 | Storm Bolt |
| 11:43 | Storm Bolt |
| 12:02 | Flare |
| 12:02 | Mortar Team |
| 12:02 | Mortar Team |
| 12:28 | Imbued Masonry |
| 12:34 | Cloud |
| 12:34 | Dragonhawk Rider |
| 12:42 | Farm |
| 12:43 | Farm |
| 13:24 | Guard Tower |
| 13:26 | Scout Tower |
| 13:26 | Scout Tower |
| 13:26 | Scout Tower |
| 13:27 | Scout Tower |
| 13:28 | Scout Tower |
| 13:31 | Farm |
| 13:32 | Farm |
| 13:33 | Refined Gunpowder |
| 13:35 | Fragmentation Shards |
| 13:35 | Mortar Team |
| 13:43 | Dragonhawk Rider |
| 15:02 | Guard Tower |
| 15:04 | Scout Tower |
| 15:05 | Scout Tower |
| 15:06 | Scout Tower |
| 15:07 | Scout Tower |
| 15:07 | Scout Tower |
| 15:44 | Town Hall |
| 16:46 | Dragonhawk Rider |
| 16:46 | Dragonhawk Rider |
| 16:51 | Divine Shield |
| 17:00 | Arcane Tower |
| 17:02 | Scout Tower |
| 17:02 | Scout Tower |
| 18:11 | Peasant |
| 18:11 | Peasant |
| 18:12 | Peasant |
| 18:21 | Scout Tower |
| 18:22 | Scout Tower |
| 18:25 | Scout Tower |
| 18:26 | Scout Tower |
| 18:30 | Guard Tower |
| 19:10 | Arcane Tower |
| 19:12 | Guard Tower |
| 19:16 | Scout Tower |
| 19:17 | Scout Tower |
| 19:19 | Scout Tower |
| 19:19 | Scout Tower |
| 19:24 | Scout Tower |
| 19:25 | Scout Tower |
| 19:49 | Lumber Mill |
| 20:29 | Guard Tower |
| 21:25 | Guard Tower |
| 21:28 | Scout Tower |
| 21:28 | Scout Tower |
| 21:29 | Scout Tower |
| 21:30 | Scout Tower |
| 21:52 | Town Hall |
| 22:25 | Arcane Tower |
| 22:38 | Arcane Vault |
| 22:39 | Arcane Vault |
| 23:17 | Peasant |
| 23:17 | Peasant |
| 25:37 | Town Hall |
| 27:46 | Divine Shield |
| 28:10 | Bash |
| 28:11 | Bash |
| 28:13 | Holy Light |
| 28:29 | Scout Tower |
| 28:29 | Scout Tower |
| 28:30 | Scout Tower |
| 28:31 | Scout Tower |
| 28:31 | Scout Tower |
| 28:32 | Scout Tower |
| 28:41 | Holy Light |
| 29:07 | Dragonhawk Rider |
| 29:21 | Guard Tower |
| 29:22 | Scout Tower |
| 29:23 | Scout Tower |
| 29:23 | Scout Tower |
| 30:03 | Town Hall |
| Right click | 787 |
| Select | 347 |
| Select group | 311 |
| Build/train/purchase | 110 |
| Use ability | 64 |
| Misc. action | 56 |
| Resource trade | 37 |
| Minimap ping | 9 |
| Assign group | 6 |
| Esc | 2 |
| Remove unit | 1 |

| Peasant | 15 | 1125 | / | 0 |
| Flying Machine | 21 | 2100 | / | 630 |
| total: | 36 | 3225g | / | 630w |
| Scout Tower | 17 | 510 | / | 340 |
| Arcane Tower | 2 | 140 | / | 100 |
| Guard Tower | 5 | 350 | / | 250 |
| Altar of Kings | 1 | 180 | / | 50 |
| Farm | 17 | 1360 | / | 340 |
| Lumber Mill | 1 | 120 | / | 0 |
| Blacksmith | 1 | 140 | / | 60 |
| Workshop | 3 | 420 | / | 420 |
| Keep | 1 | 320 | / | 210 |
| Castle | 1 | 360 | / | 210 |
| total: | 40 | 2730g | / | 1210w |
| 0:06 | Altar of Kings |
| 0:11 | Farm |
| 0:13 | Peasant |
| 0:15 | Peasant |
| 0:23 | Peasant |
| 0:30 | Peasant |
| 0:41 | Peasant |
| 0:52 | Farm |
| 1:27 | Lumber Mill |
| 1:31 | Scout Tower |
| 1:35 | Peasant |
| 1:35 | Peasant |
| 1:57 | Scout Tower |
| 2:01 | Peasant |
| 2:08 | Storm Bolt |
| 2:16 | Peasant |
| 2:45 | Peasant |
| 2:45 | Peasant |
| 2:46 | Peasant |
| 2:52 | Farm |
| 2:57 | Arcane Tower |
| 3:12 | Scout Tower |
| 3:13 | Scout Tower |
| 3:13 | Scout Tower |
| 3:30 | Peasant |
| 3:30 | Peasant |
| 3:36 | Scout Tower |
| 3:43 | Improved Masonry |
| 3:49 | Guard Tower |
| 3:52 | Scout Tower |
| 3:53 | Scout Tower |
| 3:55 | Scout Tower |
| 4:19 | Peasant |
| 4:24 | Guard Tower |
| 4:26 | Scout Tower |
| 4:26 | Scout Tower |
| 4:27 | Scout Tower |
| 4:40 | Keep |
| 4:54 | Arcane Tower |
| 5:04 | Farm |
| 5:05 | Farm |
| 5:06 | Farm |
| 5:11 | Farm |
| 5:12 | Farm |
| 5:12 | Farm |
| 5:16 | Blacksmith |
| 5:51 | Farm |
| 5:51 | Farm |
| 5:52 | Farm |
| 6:05 | Guard Tower |
| 6:27 | Scout Tower |
| 6:27 | Scout Tower |
| 6:30 | Scout Tower |
| 6:31 | Scout Tower |
| 6:36 | Scout Tower |
| 6:54 | Black Gunpowder |
| 7:01 | Guard Tower |
| 7:23 | Farm |
| 7:24 | Farm |
| 7:24 | Farm |
| 7:25 | Farm |
| 7:29 | Castle |
| 7:35 | Workshop |
| 7:39 | Workshop |
| 7:52 | Guard Tower |
| 7:57 | Workshop |
| 8:03 | Advanced Masonry |
| 8:04 | Refined Gunpowder |
| 8:46 | Flak Cannons |
| 8:47 | Flare |
| 8:55 | Iron Plating |
| 9:11 | Farm |
| 9:52 | Fragmentation Shards |
| 9:53 | Flying Machine Bombs |
| 10:24 | Imbued Gunpowder |
| 10:28 | Imbued Masonry |
| 10:51 | Flying Machine |
| 10:51 | Flying Machine |
| 10:51 | Flying Machine |
| 10:51 | Flying Machine |
| 10:51 | Flying Machine |
| 10:51 | Flying Machine |
| 10:52 | Flying Machine |
| 11:27 | Steel Plating |
| 11:36 | Flying Machine |
| 11:36 | Flying Machine |
| 11:36 | Flying Machine |
| 11:36 | Flying Machine |
| 12:21 | Flying Machine |
| 12:21 | Flying Machine |
| 12:21 | Flying Machine |
| 12:21 | Flying Machine |
| 12:22 | Flying Machine |
| 13:14 | Mithril Plating |
| 13:40 | Flying Machine |
| 16:56 | Flying Machine |
| 16:56 | Flying Machine |
| 21:08 | Flying Machine |
| 21:12 | Flying Machine |
| Right click | 926 |
| Select group | 851 |
| Select | 255 |
| Build/train/purchase | 79 |
| Assign group | 19 |
| Use ability | 15 |
| Remove unit | 14 |
| Minimap ping | 6 |
| Misc. action | 1 |
122 units @ 16.6k
/ 2.1k
72 buildings @ 11k
/ 4.8k



| Staff of Preservation | 1 | 150 |
| Lesser Clarity Potion | 1 | 70 |
| Potion of Healing | 1 | 150 |
| Boots of Speed | 1 | 250 |
| Scroll of Protection | 1 | 150 |
| Orb of Corruption | 1 | 375 |
| Ritual Dagger | 1 | 125 |
| total: | 7 | 1270g |
| Wisp | 15 | 900 | / | 0 |
| Archer | 12 | 1560 | / | 120 |
| Glaive Thrower | 4 | 840 | / | 260 |
| Druid of the Talon | 7 | 1015 | / | 140 |
| Chimaera | 3 | 990 | / | 210 |
| total: | 41 | 5305g | / | 730w |
| Ancient Protector | 5 | 675 | / | 400 |
| Moon Well | 7 | 1260 | / | 280 |
| Ancient of War | 1 | 150 | / | 60 |
| Altar of Elders | 1 | 180 | / | 50 |
| Hunter's Hall | 1 | 210 | / | 100 |
| Ancient of Wonders | 1 | 90 | / | 30 |
| Ancient of Wind | 2 | 300 | / | 280 |
| Chimaera Roost | 1 | 140 | / | 190 |
| Tree of Ages | 1 | 320 | / | 180 |
| Tree of Eternity | 1 | 330 | / | 200 |
| total: | 19 | 3005g | / | 1390w |
| 0:06 | Wisp |
| 0:06 | Wisp |
| 0:06 | Wisp |
| 0:12 | Moon Well |
| 0:25 | Ancient of War |
| 0:36 | Wisp |
| 0:54 | Wisp |
| 1:14 | Altar of Elders |
| 1:15 | Wisp |
| 1:15 | Wisp |
| 1:23 | Moon Well |
| 1:33 | Archer |
| 1:52 | Archer |
| 1:57 | Wisp |
| 1:58 | Wisp |
| 2:24 | Wisp |
| 2:26 | Wisp |
| 2:45 | Black Arrow |
| 2:57 | Archer |
| 2:58 | Archer |
| 3:43 | Archer |
| 3:43 | Archer |
| 4:06 | Tree of Ages |
| 4:31 | Silence |
| 4:41 | Hunter's Hall |
| 4:46 | Moon Well |
| 4:59 | Ancient of Wonders |
| 5:45 | Moon Well |
| 5:49 | Ancient Protector |
| 5:51 | Strength of the Moon |
| 5:52 | Moon Armor |
| 6:28 | Nature's Blessing |
| 6:30 | Improved Bows |
| 6:52 | Improved Strength of the Moon |
| 7:07 | Black Arrow |
| 7:31 | Tree of Eternity |
| 7:36 | Staff of Preservation |
| 7:37 | Lesser Clarity Potion |
| 7:38 | Potion of Healing |
| 7:40 | Scout |
| 9:40 | Trueshot Aura |
| 10:36 | Marksmanship |
| 10:38 | Well Spring |
| 10:40 | Ancient of Wind |
| 11:03 | Boots of Speed |
| 11:04 | Scroll of Protection |
| 11:14 | Wisp |
| 11:17 | Ancient Protector |
| 11:33 | Orb of Corruption |
| 11:44 | Ritual Dagger |
| 12:01 | Druid of the Talon Adept Training |
| 12:15 | Frost Arrows |
| 14:34 | Druid of the Talon Master Training |
| 14:36 | Improved Moon Armor |
| 14:42 | Ancient Protector |
| 15:21 | Chimaera Roost |
| 15:26 | Silence |
| 15:33 | Vorpal Blades |
| 15:33 | Glaive Thrower |
| 15:34 | Glaive Thrower |
| 16:04 | Archer |
| 16:04 | Archer |
| 16:04 | Archer |
| 16:04 | Archer |
| 16:05 | Archer |
| 16:05 | Archer |
| 16:07 | Mark of the Talon |
| 16:07 | Druid of the Talon |
| 16:07 | Druid of the Talon |
| 16:07 | Druid of the Talon |
| 16:47 | Chimaera |
| 16:49 | Ancient of Wind |
| 18:20 | Reinforced Hides |
| 18:20 | Strength of the Wild |
| 18:21 | Advanced Strength of the Moon |
| 18:23 | Advanced Moon Armor |
| 18:27 | Moon Well |
| 18:29 | Corrosive Breath |
| 19:23 | Moon Well |
| 19:29 | Improved Reinforced Hides |
| 20:41 | Druid of the Talon |
| 22:20 | Ancient Protector |
| 22:34 | Improved Strength of the Wild |
| 23:19 | Druid of the Talon |
| 23:44 | Magic Sentry |
| 25:34 | Druid of the Talon |
| 25:34 | Druid of the Talon |
| 26:37 | Chimaera |
| 26:37 | Chimaera |
| 27:07 | Glaive Thrower |
| 27:08 | Glaive Thrower |
| 27:22 | Advanced Strength of the Wild |
| 27:25 | Wisp |
| 27:25 | Wisp |
| 27:25 | Wisp |
| 29:22 | Advanced Reinforced Hides |
| 29:54 | Ancient Protector |
| 30:04 | Moon Well |
| Right click | 744 |
| Select | 388 |
| Build/train/purchase | 114 |
| Misc. action | 70 |
| Use ability | 19 |
| Item give/drop | 5 |
| Remove unit | 4 |
| Esc | 2 |
| Minimap ping | 1 |


| Peasant | 11 | 825 | / | 0 |
| Footman | 3 | 405 | / | 0 |
| Rifleman | 7 | 1435 | / | 210 |
| Priest | 2 | 270 | / | 20 |
| Knight | 1 | 245 | / | 60 |
| total: | 24 | 3180g | / | 290w |
| Scout Tower | 6 | 180 | / | 120 |
| Guard Tower | 3 | 210 | / | 150 |
| Altar of Kings | 1 | 180 | / | 50 |
| Farm | 9 | 720 | / | 180 |
| Barracks | 1 | 160 | / | 60 |
| Lumber Mill | 1 | 120 | / | 0 |
| Blacksmith | 1 | 140 | / | 60 |
| Town Hall | 4 | 1540 | / | 820 |
| Arcane Sanctum | 1 | 150 | / | 140 |
| Keep | 1 | 320 | / | 210 |
| Castle | 1 | 360 | / | 210 |
| total: | 24 | 3190g | / | 1430w |
| 0:08 | Peasant |
| 0:09 | Peasant |
| 0:09 | Peasant |
| 0:12 | Altar of Kings |
| 0:23 | Farm |
| 0:28 | Barracks |
| 0:33 | Peasant |
| 0:41 | Farm |
| 0:44 | Farm |
| 1:32 | Farm |
| 1:37 | Farm |
| 1:41 | Footman |
| 1:55 | Scout Tower |
| 1:59 | Scout Tower |
| 2:09 | Lumber Mill |
| 2:12 | Peasant |
| 2:13 | Peasant |
| 2:19 | Footman |
| 2:30 | Thunder Clap |
| 2:35 | Footman |
| 2:45 | Farm |
| 3:17 | Blacksmith |
| 3:27 | Farm |
| 3:37 | Peasant |
| 4:05 | Rifleman |
| 4:27 | Storm Bolt |
| 4:41 | Scout Tower |
| 4:49 | Peasant |
| 4:52 | Keep |
| 5:37 | Rifleman |
| 5:38 | Rifleman |
| 5:55 | Studded Leather Armor |
| 5:56 | Black Gunpowder |
| 6:05 | Guard Tower |
| 6:10 | Scout Tower |
| 6:46 | Guard Tower |
| 6:48 | Rifleman |
| 6:51 | Scout Tower |
| 7:46 | Rifleman |
| 7:51 | Thunder Clap |
| 8:13 | Peasant |
| 8:16 | Castle |
| 8:19 | Guard Tower |
| 8:43 | Farm |
| 8:47 | Farm |
| 9:53 | Arcane Sanctum |
| 11:47 | Priest |
| 11:48 | Priest |
| 11:53 | Knight |
| 13:10 | Peasant |
| 13:10 | Peasant |
| 14:08 | Rifleman |
| 16:26 | Flame Strike |
| 16:41 | Rifleman |
| 17:41 | Scout Tower |
| 19:35 | Town Hall |
| 19:51 | Town Hall |
| 20:00 | Town Hall |
| 20:05 | Town Hall |
| Right click | 370 |
| Select | 191 |
| Build/train/purchase | 46 |
| Remove unit | 4 |
| Minimap ping | 4 |
| Use ability | 3 |
| Esc | 3 |
ru1234
(2)
(30:12) : 


| Rod of Necromancy | 7 | 1050 |
| Sacrificial Skull | 1 | 50 |
| Potion of Mana | 1 | 200 |
| Potion of Healing | 4 | 600 |
| Scroll of Town Portal | 7 | 2450 |
| total: | 20 | 4350g |
| Acolyte | 8 | 600 | / | 0 |
| Ghoul | 6 | 720 | / | 0 |
| Crypt Fiend | 6 | 1290 | / | 240 |
| Frost Wyrm | 5 | 1925 | / | 600 |
| Obsidian Statue | 1 | 200 | / | 35 |
| Peasant | 23 | 1725 | / | 0 |
| Rifleman | 8 | 1640 | / | 240 |
| total: | 57 | 8100g | / | 1115w |
| Nerubian Tower | 2 | 200 | / | 40 |
| Spirit Tower | 4 | 580 | / | 160 |
| Crypt | 1 | 200 | / | 50 |
| Graveyard | 2 | 430 | / | 0 |
| Altar of Darkness | 1 | 180 | / | 50 |
| Ziggurat | 8 | 1200 | / | 400 |
| Tomb of Relics | 2 | 260 | / | 60 |
| Necropolis | 2 | 450 | / | 0 |
| Slaughterhouse | 2 | 280 | / | 270 |
| Boneyard | 3 | 525 | / | 600 |
| Halls of the Dead | 4 | 1280 | / | 840 |
| Black Citadel | 2 | 650 | / | 460 |
| Scout Tower | 1 | 30 | / | 20 |
| Arcane Tower | 1 | 70 | / | 50 |
| Town Hall | 1 | 385 | / | 205 |
| Lumber Mill | 1 | 120 | / | 0 |
| Barracks | 1 | 160 | / | 60 |
| Blacksmith | 3 | 420 | / | 180 |
| Altar of Kings | 1 | 180 | / | 50 |
| Keep | 2 | 640 | / | 420 |
| total: | 29 | 4820g | / | 1945w |
| 0:05 | Acolyte |
| 0:05 | Acolyte |
| 0:12 | Crypt |
| 0:25 | Graveyard |
| 0:54 | Altar of Darkness |
| 1:00 | Ziggurat |
| 1:31 | Ghoul |
| 1:42 | Tomb of Relics |
| 1:45 | Ziggurat |
| 2:18 | Ghoul |
| 2:19 | Crypt Fiend |
| 2:40 | Crypt Fiend |
| 3:17 | Rod of Necromancy |
| 3:17 | Rod of Necromancy |
| 3:18 | Sacrificial Skull |
| 3:24 | Death Coil |
| 3:33 | Crypt Fiend |
| 4:00 | Acolyte |
| 4:31 | Ziggurat |
| 4:33 | Acolyte |
| 4:34 | Acolyte |
| 4:34 | Acolyte |
| 4:34 | Acolyte |
| 4:45 | Unholy Aura |
| 5:03 | Ghoul |
| 5:03 | Ghoul |
| 5:10 | Rod of Necromancy |
| 5:25 | Ziggurat |
| 5:36 | Nerubian Tower |
| 5:45 | Death Coil |
| 5:51 | Ghoul |
| 5:54 | Ghoul |
| 5:59 | Halls of the Dead |
| 6:40 | Crypt Fiend |
| 6:46 | Tomb of Relics |
| 6:58 | Ziggurat |
| 6:59 | Spirit Tower |
| 7:06 | Creature Attack |
| 7:06 | Creature Carapace |
| 7:06 | Improved Creature Carapace |
| 8:08 | Crypt Fiend |
| 8:08 | Crypt Fiend |
| 8:21 | Black Citadel |
| 8:24 | Slaughterhouse |
| 8:26 | Slaughterhouse |
| 8:32 | Improved Creature Attack |
| 8:32 | Advanced Creature Attack |
| 8:44 | Burrow |
| 8:44 | Web |
| 9:42 | Scroll of Town Portal |
| 9:44 | Potion of Mana |
| 9:44 | Potion of Healing |
| 9:44 | Potion of Healing |
| 9:51 | Advanced Creature Carapace |
| 9:52 | Ziggurat |
| 9:52 | Ziggurat |
| 10:04 | Rod of Necromancy |
| 10:04 | Rod of Necromancy |
| 10:04 | Potion of Healing |
| 10:45 | Destroyer Form |
| 10:46 | Boneyard |
| 10:49 | Boneyard |
| 10:57 | Dark Ritual |
| 11:34 | Boneyard |
| 12:02 | Frost Wyrm |
| 12:21 | Frost Wyrm |
| 12:42 | Frost Nova |
| 12:55 | Unholy Aura |
| 13:02 | Frost Wyrm |
| 13:05 | Obsidian Statue |
| 13:41 | Scroll of Town Portal |
| 13:48 | Freezing Breath |
| 14:09 | Rod of Necromancy |
| 14:09 | Potion of Healing |
| 14:26 | Impale |
| 14:43 | Graveyard |
| 15:44 | Spirit Tower |
| 16:08 | Necropolis |
| 16:23 | Necropolis |
| 16:27 | Spirit Tower |
| 16:34 | Scroll of Town Portal |
| 16:34 | Scroll of Town Portal |
| 16:34 | Scroll of Town Portal |
| 18:05 | Ziggurat |
| 19:34 | Acolyte |
| 20:14 | Frost Nova |
| 20:16 | Spiked Carapace |
| 21:36 | Scroll of Town Portal |
| 21:36 | Scroll of Town Portal |
| 21:48 | Frost Wyrm |
| 22:19 | Iron Plating |
| 22:24 | Peasant |
| 22:24 | Peasant |
| 22:24 | Peasant |
| 22:36 | Town Hall |
| 22:38 | Improved Lumber Harvesting |
| 22:38 | Advanced Lumber Harvesting |
| 22:48 | Lumber Mill |
| 23:10 | Frost Wyrm |
| 24:09 | Peasant |
| 24:09 | Peasant |
| 24:09 | Peasant |
| 24:09 | Peasant |
| 24:09 | Peasant |
| 24:10 | Peasant |
| 24:10 | Peasant |
| 24:10 | Peasant |
| 24:59 | Improved Masonry |
| 25:03 | Peasant |
| 25:04 | Peasant |
| 25:04 | Peasant |
| 25:04 | Peasant |
| 25:42 | Keep |
| 25:54 | Barracks |
| 26:10 | Rod of Necromancy |
| 26:30 | Blacksmith |
| 26:34 | Blacksmith |
| 27:44 | Halls of the Dead |
| 28:11 | Peasant |
| 28:11 | Peasant |
| 28:11 | Peasant |
| 29:05 | Rifleman |
| 29:05 | Rifleman |
| 29:05 | Rifleman |
| 29:05 | Rifleman |
| 29:05 | Rifleman |
| 29:05 | Rifleman |
| 29:06 | Rifleman |
| 29:06 | Rifleman |
| 29:19 | Peasant |
| 29:19 | Peasant |
| 29:19 | Peasant |
| 29:19 | Peasant |
| 29:19 | Peasant |
| 29:29 | Scout Tower |
| 29:37 | Studded Leather Armor |
| 29:59 | Blacksmith |
| 30:02 | Altar of Kings |
| 30:06 | Arcane Tower |
| Select group | 1485 |
| Right click | 1343 |
| Select | 456 |
| Assign group | 372 |
| Misc. action | 190 |
| Build/train/purchase | 162 |
| Use ability | 71 |
| Resource trade | 7 |
| Minimap ping | 4 |
| Item give/drop | 3 |
| Esc | 3 |